 Dungeon Crawl Stone Soup version 0.31-a0-917-ga885b83477 (webtiles) character file.

Game seed: 6455480856798893270

25 Morbidden the Ruffian (level 3, -2/20 HPs)
             Began as a Gargoyle Shapeshifter on Oct 17, 2023.
             Slain by a gnoll
             ... wielding a +0 flail
              (5 damage)
             ... on level 1 of the Dungeon.
             The game lasted 00:01:16 (722 turns).

Morbidden the Ruffian (Gargoyle Shapeshifter)        Turns: 722, Time: 00:01:16

Health: -2/20      AC:  9    Str: 19    XL:     3   Next: 6%
Magic:  3/3        EV:  9    Int: 10    God:
Gold:   144        SH:  0    Dex:  9    Spells: 2/2 levels left

rFire   . . .        a - +2 dagger (flame)
rCold   . . .        (no shield)
rNeg    + . .        k - +0 scale mail
rPois   ∞            (helmet currently unavailable)
rElec   +            (cloak currently unavailable)
rCorr   .            (gloves currently unavailable)
SInv    .            (boots currently unavailable)
Will    .....        (no amulet) Stlth
                     (no ring)
HPRegen 0.23/turn    (no ring)
MPRegen 0.08/turn

%: no passive effects
@: beast-form
A: beast (slay +1), sickness immunity, AC +3, negative energy resistance 1,
electricity resistance, torment resistance 1, petrification resistance
a: Begin Untransformation


You were on level 1 of the Dungeon.
You were a hulking beast.
You visited 1 branch of the dungeon, and saw 1 of its levels.

You collected 144 gold pieces.

Inventory:

Hand Weapons
 a - a +2 dagger of flaming (weapon)
Armour
 e - a +0 cloak
 g - a +0 helmet
 k - a +0 scale mail (worn)
Talismans
 c - a beast talisman (active)
 d - a flux talisman
Scrolls
 h - a scroll of identify {unknown}
 j - a scroll of teleportation {unknown}
Potions
 b - a potion of lignification
 f - a potion of attraction {unknown}
 i - a potion of enlightenment {unknown}


   Skills:
 * Level 1.4 Fighting
 + Level 0.1 Short Blades
 * Level 1.6 Dodging
 * Level 3.3 Unarmed Combat
 * Level 2.9 Shapeshifting


You had 2 spell levels left.
You didn't know any spells.
Your spell library contained the following spells:

 Spells                   Type           Power      Damage    Failure   Level
 Blink                    Tloc           0%         N/A       88%         2
 Lesser Beckoning         Tloc           0%         N/A       88%         2
 Momentum Strike          Conj/Tloc      0%         3d8       88%         2


Dungeon Overview and Level Annotations

Branches:
Dungeon (1/15)

Altars:


Innate Abilities, Weirdness & Mutations

You are a hulking beast.
Your limbs bulge with bestial killing power. (Slay +1)
You are immune to sickness and miasma.
Your stone body is resilient. (AC +3)
You are immune to poison.
You resist negative energy. (rN+)
You are resistant to electric shocks. (rElec)
You are resistant to unholy torment.
You are immune to petrification.


Message History

There are monsters nearby!
You hit the gnoll. You burn the gnoll.
The gnoll is almost dead.
The gnoll barely misses you.
There are monsters nearby!
You hit the gnoll but do no damage.
The gnoll is almost dead.
The gnoll hits you with a +0 flail!
Ouch! That really hurt!
There are monsters nearby!
You are too injured to fight recklessly!
Unknown command.
You are too injured to fight recklessly!
Unknown command.
You are too injured to fight recklessly!
Unknown command.
You are too injured to fight recklessly!
Unknown command.
You are too injured to fight recklessly!
Unknown command.
You are too injured to fight recklessly!
Unknown command.
You barely miss the gnoll.
The gnoll is almost dead.
The gnoll hits you but does no damage.
You closely miss the gnoll.
The gnoll is almost dead.
The gnoll misses you.
Unknown command.
You barely miss the gnoll.
The gnoll is almost dead.
The gnoll closely misses you.
You hit the gnoll. You burn the gnoll.
The gnoll is almost dead.
The gnoll hits you with a +0 flail!
* * * LOW HITPOINT WARNING * * *
You barely miss the gnoll.
The gnoll is almost dead.
The gnoll hits you with a +0 flail.
You die...

#.# .##.........
#.##.##..#.#.#.#.# #.
.....##........... ?...
......+..#.#.#...# #.#..
....###.................
PP'####†.#.#.....#.#..#.
.P.......†.....#g.......
.P.###.).#....##g#....#
.P## #..........h....#


PP# #...#.#.#.#....## #######...#..(......# .........#.#.#......#
#######.............# .......†.#.#...###### ##.##..#†....#.# ##.##..#.#.).#.#
##.....#...#.#.# You could see a gnoll and a goblin.

Vanquished Creatures
  A dart slug (D:1)
  3 endoplasms (D:1)
  2 hobgoblins (D:1)
  4 kobolds (D:1)
  A quokka (D:1)
  5 bats (D:1)
  2 frilled lizards (D:1)
  3 goblins (D:1)
  A rat (D:1)
22 creatures vanquished.

Notes
Turn   | Place    | Note
-------+----------+-------------------------------------------
     0 | D:1      | Morbidden the Gargoyle Shapeshifter began the quest for the
                  | Orb.
     0 | D:1      | Reached XP level 1. HP: 12/12 MP: 1/1
   135 | D:1      | Reached XP level 2. HP: 16/16 MP: 2/2
   621 | D:1      | Reached XP level 3. HP: 20/20 MP: 3/3
   722 | D:1      | Slain by a gnoll

Illustrated notes

Levels and vault maps discovered:
D:1:      dpeg_arrival_line_fractal, layout_basic,
          dilly_ecumenical_altar_fadedgnrine, hangedman_decor_riveting,
          minmay_gold_behind_fungi, minmay_stone_trees_large

Action                     || total
---------------------------++-------
  Melee: Dagger            ||    60
         Unarmed           ||     9
         Punch             ||     2
 Armour: Animal skin       ||     7
         Scale mail        ||    32
  Dodge: Dodged            ||    29

Table legend: (Time is in decaauts)
 A = Elapsed time spent in this place.
 B = Non-inter-level travel time spent in this place.
 C = Inter-level travel time spent in this place.
 D = Time resting spent in this place.
 E = Time spent auto-exploring this place.
 F = Levels seen in this place.
 G = Mean time per level.
                   A        B        C        D        E       F      G
               +--------+--------+--------+--------+--------+-----+--------+
         Total |    721 |    676 |     45 |     72 |    431 |   1 |  721.0 |
       Dungeon |    721 |    676 |     45 |     72 |    431 |   1 |  721.0 |
               +--------+--------+--------+--------+--------+-----+--------+

Top non-repeatable levels by time:
     D:1: 721 daAuts
